AoeStats
← trixnate

Black Forest

506040430Analyzed
1v1 RM · 19d ago on Sep 12, 2026· 32m 30s· 2 players
Game mode
Random Map
Map size
Tiny (2 player)
Population
200
Speed
Normal
Resources
Standard
Victory
Conquest
Starting age
Dark Age
Ending age
Imperial Age
RankedLock teamsTeams togetherTeam positionsShared explorationLock speedFull tech treeHidden civsTurbo modeCheats
Victory
Defeat
🇳🇿 Malay · New Zealand
948
+16
🇲🇽 Italians · Mexico
949
-16
trixnate
8:01 Loom
13:34 Feudal Age
20:01 Castle Age
18:22 Horse Collar
18:36 Double-Bit Axe
20:06 Fletching
22:41 Bow Saw
22:35 Heavy Plow
23:59 Bodkin Arrow
24:43 Town Watch
25:58 Gold Mining
26:49 Forging
26:07 Elite Skirmisher
27:09 Padded Archer Armor
28:52 Town Patrol
33:31 Imperial Age
Gustatro
0:27 Loom
14:56 Feudal Age
20:16 Castle Age
19:02 Fletching
19:29 Stone Mining
19:28 Double-Bit Axe
Connection lost

Rejoining the realm…

Still unreachable

The connection could not be restored.

Session expired

The server has moved on; the page needs a fresh start.